 Dungeon Crawl Stone Soup version 0.16-a0-4024-g0ecf4ac (console) character file.

224 mudo the Poker (level 5, -9/39 HPs)
             Began as a Vampire Chaos Knight on Feb 18, 2015.
             Killed by divine providence
             ... invoked by an orc priest
              (12 damage)
             ... on level 4 of the Dungeon.
             The game lasted 00:09:19 (2887 turns).

mudo the Poker (Vampire Chaos Knight)               Turns: 2887, Time: 00:09:20

Health: -9/39      AC:  9    Str: 14    XL:     5   Next: 67%
Magic:  5/5        EV: 12    Int: 19    God:    Xom [......]
Gold:   197        SH:  0    Dex: 15    Spells: 0 memorised, 4 levels left

rFire  . . .     SeeInvis +     a - +0 spear (chaos)
rCold  . . .     Clarity  .     t - +2 leather armour
rNeg   . . .     SustAb   .     (no shield)
rPois  .         Gourm    .     (helmet restricted)
rElec  .         Spirit   .     v - +1 cloak
rCorr  .         Warding  .     l - +1 pair of gloves {god gift}
rMut   .         Stasis   .     (no boots)
MR     .....                    (no amulet)
Stlth  ..........               (no ring)
                                u - ring of loudness (curse)

@: brilliant, very slightly contaminated, regenerating quickly, hasted, very
quick, not resistant to hostile enchantments, extremely unstealthy
A: bottle blood, fangs 3, horns 1, see invisible, agile 1, strong 1, unbreathing
a: Renounce Religion


You were on level 4 of the Dungeon.
You worshipped Xom.
You were a very special plaything of Xom.
You were full.

You visited 2 branches of the dungeon, and saw 5 of its levels.

You collected 197 gold pieces.


   Skills:
 - Level 2.6 Fighting
 + Level 5.7 Polearms
 - Level 0.7 Armour
 - Level 2.1 Dodging
 + Level 1.1 Evocations


You had 4 spell levels left.
You didn't know any spells.

Dungeon Overview and Level Annotations

Branches:
Dungeon (4/15)             Temple (1/1) D:4

Altars:
Ashenzari
Elyvilon
Gozag
Kikubaaqudgha
Xom
The Shining One
Beogh


Innate Abilities, Weirdness & Mutations

Your natural rate of healing is unusually fast.
You can bottle blood from corpses.
You have razor-sharp teeth.
You have supernaturally acute eyesight.
You can survive without breathing.
You have a pair of small horns on your head.
You are agile. (Dex +2)
Your muscles are strong. (Str +2)

Inventory:

Hand weapons
 a - a +0 spear of chaos (weapon)
 b - a +0 trident
Armour
 j - a +0 ring mail
 l - a +1 pair of gloves (worn) {god gift}
 r - a +0 helmet
 t - a +2 leather armour (worn)
 v - a +1 cloak (worn)
Jewellery
 u - a cursed ring of loudness (left hand)
Magical devices
 w - a wand of disintegration (8)
Scrolls
 e - 2 scrolls of magic mapping {unknown}
 g - 2 scrolls of random uselessness {unknown}
 h - 3 scrolls of remove curse {unknown}
 i - a scroll of immolation {unknown}
 k - 8 scrolls of identify {unknown}
 o - a scroll of fog {unknown}
 q - a scroll of enchant weapon {unknown}
Potions
 c - 12 potions of blood {@*1}
 d - a potion of haste
 f - a potion of brilliance
 m - a potion of mutation
 n - a potion of curing {unknown}
 p - a potion of heal wounds {unknown}
Books
 s - a book of Necromancy

   Spells                             Type                      Level
   a - Pain                           Necromancy                   1
   b - Animate Skeleton               Necromancy                   1
   c - Vampiric Draining              Necromancy                   3
   d - Regeneration                   Charms/Necromancy            3
   e - Animate Dead                   Necromancy                   4
   f - Control Undead                 Necromancy                   4


Message History

Drink which item? (? for menu, Esc to quit)
You feel as though your hastened speed will last longer.
The orc priest barely misses you.
Drink which item? (? for menu, Esc to quit)
It was a potion of mutation.
You feel extremely strange.
You feel agile. A pair of horns grows on your head!
Your +0 helmet falls away!
Xom thinks this is hilarious!
You feel stronger.
Xom roars with laughter!
The orc priest closely misses you.
You closely miss the orc priest. You closely miss the orc priest.
The orc priest's eyes start to glow.
You barely miss the orc priest. You puncture the orc priest!
The orc priest is heavily wounded.
The orc priest calls down the wrath of Beogh upon you.
Something smites you!
You die...

##...## ###### ##
##...## ###.
##.....## ##...
#.......## #####
#....
#...###...####...#
##.... #..##
##....))..##
##..... .#
##...##'## ##......
#.o##...# ##.......
##V#$8.8$##.....#..
#.#$.$.$#....####.
#.#$8o8.#...## #.
#.##$_$###..# #.
#..##### ##.# ##
#.# ### # #.# # ###


You could see an orc priest.

Action                   |  1- 3 |  4- 6 || total
-------------------------+-------+-------++-------
Melee: Spear             |   155 |   184 ||   339
  Use: Potion            |       |     5 ||     5
 Stab: Confused          |     2 |       ||     2
       Paralysed         |       |     2 ||     2
  Eat: Corpse            |    10 |     5 ||    15

Vault maps used:
D:1:      dpeg_arrival_simpleton_c
D:2:      nicolae_overflow_quartered_altars, first_bread
D:3:      minmay_misc_feat_square
D:4:      lemuel_crystal_altar, minmay_temple_entry_butterflies,
          kennysheep_orc_chapel
Temple:   jpeg_temple_clearing_9

Vanquished Creatures
  A centaur skeleton (D:4)
  A worker ant (D:4)
  4 adders
  A giant mite (D:3)
  6 worms
  2 giant geckos
  3 oozes
  8 orcs
  A ball python (D:4)
  2 giant cockroaches (D:1)
  11 goblins
  13 hobgoblins
  4 jackals (D:4)
  12 kobolds
  8 bats
  2 giant newts
  9 rats
  2 butterflies (D:4)
90 creatures vanquished.

Table legend:
 A = Kills in this place as a percentage of kills in entire the game.
 B = Kills by you in this place as a percentage of kills by you in the entire game.
 C = Kills by friends in this place as a percentage of kills by friends in the entire game.
 D = Other kills in this place as a percentage of other kills in the entire game.
 E = Experience gained in this place as a percentage of experience gained in the entire game.
 F = Experience gained in this place divided by the number of levels of this place that you have seen.
                   A       B       C       D       E      F
               +-------+-------+-------+-------+-------+----------------------
         Total | 100.0 | 100.0 |  -nan |  -nan | 100.0 |  64.0
       Dungeon | 100.0 | 100.0 |  -nan |  -nan | 100.0 |  80.0
               +-------+-------+-------+-------+-------+----------------------

Table legend:
 A = Turns spent in this place as a percentage of turns spent in the entire game.
 B = Non-inter-level travel turns spent in this place as a percentage of non-inter-level travel turns spent in the entire game.
 C = Inter-level travel turns spent in this place as a percentage of turns spent in this place.
 D = Turns resting spent in this place as a percentage of non-inter-level travel turns spent in this place.
 E = Turns spent auto-exploring this place as a percentage of non-inter-level travel turns spent in this place.
 F = Non-inter-level travel turns spent in this place divided by the number of levels of this place that you've seen.
                   A       B       C       D       E      F
               +-------+-------+-------+-------+-------+----------------------
         Total | 100.0 | 100.0 |   0.7 |   1.3 |  12.6 | 186.0
       Dungeon |  99.9 |  99.9 |   0.7 |   1.3 |  12.6 | 232.2
        Temple |   0.1 |   0.1 |   0.0 |   0.0 |   0.0 |   1.0
               +-------+-------+-------+-------+-------+----------------------

Notes
Turn   | Place    | Note
--------------------------------------------------------------
     0 | D:1      | mudo, the Vampire Chaos Knight, began the quest for the Orb.
     0 | D:1      | Reached XP level 1. HP: 17/17 MP: 1/1
    49 | D:1      | Reached skill level 3 in Polearms
    72 | D:1      | Reached XP level 2. HP: 23/23 MP: 2/2
   232 | D:1      | XOM: silly message
   391 | D:1      | XOM: harmless Divn miscast
   520 | D:1      | XOM: god gift: pair of glowing gloves {god gift}
   527 | D:1      | thanks!!
   542 | D:1      | XOM: summons 4 hostile shadow creatures
   754 | D:2      | XOM: butterfly on damage
   759 | D:2      | Reached XP level 3. HP: 14/28 MP: 3/3
   782 | D:2      | Reached skill level 4 in Polearms
  1149 | D:2      | Found a white marble altar of Elyvilon.
  1149 | D:2      | Found a glowing golden altar of the Shining One.
  1150 | D:2      | Found an opulent altar of Gozag.
  1252 | D:2      | Found a shattered altar of Ashenzari.
  1272 | D:2      | Reached XP level 4. HP: 29/34 MP: 4/4
  1833 | D:3      | XOM: divination: detect creatures
  1905 | D:3      | XOM: cast spell 'Summon Butterflies'
  1990 | D:3      | Reached skill level 5 in Polearms
  2108 | D:3      | Reached XP level 5. HP: 36/39 MP: 5/5
  2258 | D:3      | XOM: scenery: create altars
  2259 | D:4      | Noticed a phantom
  2265 | D:4      | XOM: divination: magic mapping
  2279 | D:3      | XOM: confuse monster(s)
  2487 | D:4      | XOM: confuse monster(s)
  2529 | D:4      | XOM: divination: detect items
  2586 | D:4      | XOM: cast spell 'Flight'
  2671 | D:4      | XOM: harmless Conj miscast
  2700 | D:4      | Reached skill level 1 in Evocations
  2812 | D:4      | Found a staircase to the Ecumenical Temple.
  2827 | Temple   | Entered the Ecumenical Temple
  2851 | D:4      | Found a roughly hewn altar of Beogh.
  2857 | D:4      | XOM: chaos upgrade
  2869 | D:4      | XOM: enchant monster (bad)
  2873 | D:4      | HP: 6/39 [orc/mace (2)]
  2880 | D:4      | HP: 2/39 [orc priest/hand axe (5)]
  2883 | D:4      | Gained mutation: You are agile. (Dex +2) [potion of mutation]
  2883 | D:4      | Gained mutation: You have a pair of small horns on your head. [potion of mutation]
  2883 | D:4      | Gained mutation: Your muscles are strong. (Str +2) [potion of mutation]
  2887 | D:4      | Killed from afar by an orc priest
